 Dungeon Crawl Stone Soup version 0.31-a0-931-g7b59d4eb97 (webtiles) character file.

Game seed: 6728251738851628514

1101 Persephone the Ruffian (level 8, 0/63 (68) HPs)
             Began as a Troll Shapeshifter on Oct 19, 2023.
             Was a Follower of the Shining One.
             Slain by a wight
             ... wielding a +0 halberd
              (7 damage)
             ... on level 6 of the Dungeon.
             The game lasted 00:06:34 (4056 turns).

Persephone the Ruffian (Troll Shapeshifter)         Turns: 4056, Time: 00:06:35

HP:   0/63 (68)     AC:  4    Str: 25    XL:     8   Next: 10%
MP:   7/7           EV:  9    Int:  6    God:    the Shining One [*.....]
Gold: 334           SH:  5    Dex:  9    Spells: 7/7 levels left

rFire   . .          .
                       - Unarmed
rCold   . . .        (no shield)
rNeg    . . .        a - +0 animal skin
rPois   .            (helmet currently unavailable)
rElec   .            (cloak currently unavailable)
rCorr   .            (gloves unavailable)
SInv    .            (boots unavailable)
Will    .....        t - amulet of reflection
Stlth   +            (no ring)
HPRegen 1.10/turn    (no ring)
MPRegen 0.10/turn

%: reflection
@: beast-form, glowing, studying Axes, drained
A: beast (slay +3), large, unfitting armour, claws 3, regeneration 1, shaggy fur
1, tough skin 1
a: Begin Untransformation, Renounce Religion, Divine Shield


You were on level 6 of the Dungeon.
You worshipped the Shining One.
The Shining One was aware of your devotion.
You were a hulking beast.
You visited 1 branch of the dungeon, and saw 6 of its levels.
You also visited: Sewer.

You collected 334 gold pieces.

Inventory:

Missiles
 f - 3 javelins (quivered)
Armour
 a - a +0 animal skin (worn)
 g - a +1 hat
Jewellery
 r - a ring of fire
 t - an amulet of reflection (around neck)
 x - a ring of poison resistance
Talismans
 c - a beast talisman (active)
 d - a flux talisman
 w - a blade talisman
Wands
 p - a wand of roots (5)
Scrolls
 i - 3 scrolls of identify
 j - a scroll of butterflies
 m - a scroll of immolation {unknown}
 o - 2 scrolls of teleportation
Potions
 b - a potion of lignification
 e - a potion of enlightenment
 h - 3 potions of curing
 k - a potion of degeneration {unknown}
 l - 2 potions of might {unknown}
 n - a potion of mutation {unknown}
 q - 2 potions of haste {unknown}
 s - a potion of heal wounds {unknown}
 u - a potion of attraction {unknown}
 v - a potion of berserk rage {unknown}


   Skills:
 - Level 0.7 Fighting
 - Level 1.5 Dodging
 + Level 7.4 Unarmed Combat
 + Level 6.8 Shapeshifting


You had 7 spell levels left.
You didn't know any spells.
Your spell library contained the following spells:

 Spells                   Type           Power      Damage    Failure   Level
 Freeze                   Ice            0%         1d3       45%         1
 Shock                    Conj/Air       0%         1d3       45%         1
 Cigotuvi's Dreadful Rot  Necr/Pois/Air  0%         N/A       58%         2
 Poisonous Vapours        Pois/Air       0%         N/A       58%         2
 Frozen Ramparts          Ice            0%         1d1       83%         3
 Hailstorm                Conj/Ice       0%         3d3       83%         3
 Ignite Poison            Fire/Tmut/Pois 0%         N/A       83%         3
 Mephitic Cloud           Conj/Pois/Air  0%         N/A       83%         3
 Swiftness                Air            0%         N/A       83%         3
 Airstrike                Air            0%         2d(0-16)  99%         4
 Freezing Cloud           Conj/Ice/Air   0%         6-21      100%        5


Dungeon Overview and Level Annotations

Branches:
Dungeon (6/15)              Sewer (visited)
 Temple: D:4-7

Altars:
The Shining One

Shops:
D:2 =

Annotations:
D:5 2 transporters, grtsk's ghost, novice MfGl


Innate Abilities, Weirdness & Mutations

You are a hulking beast.
Your limbs bulge with bestial killing power. (Slay +3)
You are too large for most types of armour.
You have claws for hands.
Your natural rate of healing is unusually fast.
You are covered in fur. (AC +1)
You have tough skin. (AC +1)


Message History

The Shining One accepts your kill. The wight barely misses you.
A wight comes into view.
It is wielding a +1 falchion of freezing.
You have reached level 8!
There is a stone staircase leading up here.
The wight closely misses you.
You climb upwards.
Level annotation: 2 transporters, grtsk's ghost, novice MfGl
There is a stone staircase leading down here.
HP restored.
Partly explored, unvisited transporter.
You climb downwards.
There is a stone staircase leading up here.
The wight barely misses you.
The wight hits you with a +1 falchion of freezing.
The wight freezes you.
Things that are here:
a +0 robe; a +4 flail You scratch the wight.
The wight is lightly damaged.
The wight hits you from afar with a +0 halberd!
The wight hits you with a +1 falchion of freezing.
The wight freezes you.
You barely miss the wight.
The wight is lightly damaged.
The wight hits you but does no damage. You block the wight's attack.
You claw the wight!
You destroy the wight!
The Shining One accepts your kill.
The wight hits you from afar with a +0 halberd.
You feel drained. The wight hits you with a +0 halberd!
You feel drained.
Items here: )) [[.
You barely miss the wight. The wight hits you with a +0 halberd!
You scratch the wight.
The wight is moderately damaged.
The wight hits you with a +0 halberd!
* * * LOW HITPOINT WARNING * * *
You feel drained.
You die...

# #> #..##
###
#...####...#
#..<[hz#
#.####..# #
#.# .# #


You could see a wight.

Vanquished Creatures
  A wyvern (D:5)
  2 black bears
  Pargi (Sewer)
  A scorpion (D:4)
  3 wights (D:6)
  A hound (D:5)
  Natasha (twice) (D:2)
  2 iguanas
  A sleepcap (D:5)
  3 orc wizards
  10 adders
  3 gnolls (D:5)
  A shadow imp (D:5)
  8 worms
  6 dart slugs
  11 orcs
  9 ball pythons
  2 endoplasms
  A giant cockroach (D:1)
  5 goblins
  7 hobgoblins
  7 jackals
  4 quokkas
  A bat (D:3)
  3 frilled lizards
  5 kobolds
  10 rats
110 creatures vanquished.

Notes
Turn   | Place    | Note
-------+----------+-------------------------------------------
     0 | D:1      | Persephone the Troll Shapeshifter began the quest for the
                  | Orb.
     0 | D:1      | Reached XP level 1. HP: 18/18 MP: 0/0
   103 | D:1      | Reached XP level 2. HP: 26/26 MP: 1/1
   742 | D:2      | Found Xomasurch's Jewellery Boutique.
   759 | D:2      | Reached XP level 3. HP: 23/32 MP: 2/2
  1006 | D:2      | Reached skill level 4 in Unarmed Combat
  1246 | D:2      | Noticed Natasha
  1248 | D:2      | Killed Natasha
  1249 | D:2      | Reached XP level 4. HP: 40/40 MP: 3/3
  1375 | D:2      | Noticed Natasha
  1380 | D:2      | Killed Natasha
  1698 | D:3      | Reached XP level 5. HP: 45/46 MP: 4/4
  1722 | D:3      | Found a glowing drain.
  1727 | Sewer    | Entered a sewer
  1792 | Sewer    | Noticed Pargi
  1805 | Sewer    | Killed Pargi
  1806 | Sewer    | Reached skill level 5 in Unarmed Combat
  2134 | D:3      | Reached XP level 6. HP: 54/54 MP: 5/5
  2357 | D:4      | Reached skill level 5 in Shapeshifting
  2611 | D:4      | Reached skill level 6 in Unarmed Combat
  2798 | D:4      | Found a glowing golden altar of the Shining One.
  2924 | D:4      | Reached XP level 7. HP: 61/61 MP: 6/6
  2993 | D:4      | Became a worshipper of the Shining One
  3113 | D:5      | Entered Level 5 of the Dungeon
  3159 | D:5      | Identified the +6 spear of the Haunted God {vamp, rF+}
  3159 | D:5      | Identified the +0 kite shield of the Dolphin {rElec rF++
                  | Will-}
  3485 | D:5      | Found a transporter.
  3534 | D:5      | Found a transporter.
  3550 | D:5      | Noticed a wyvern
  3554 | D:5      | Killed a wyvern
  3561 | D:5      | Reached * piety under the Shining One
  3569 | D:5      | Reached skill level 7 in Unarmed Combat
  3945 | D:5      | Noticed grtsk's ghost (novice MfGl)
  4031 | D:6      | Reached XP level 8. HP: 47/67 MP: 7/7
  4056 | D:6      | Slain by a wight

Illustrated notes

Levels and vault maps discovered:
D:1:      scummos_arrival_forest, layout_loops_cross
D:2:      layout_basic, serial_shops, shop, nicolae_wormholes, uniq_natasha
D:3:      layout_basic, lightli_sewer_entry_pipes
D:4:      layout_basic, lemuel_doored_altar, amethyst_killhole
D:5:      layout_cave_pods, gammafunk_ghost_gnarly_gnolls
D:6:      layout_rooms, mainiacjoe_overflow_brackets, temple_green,
          uniq_jeremiah, uniq_blork_the_orc

Skill      XL: |  1  2  3  4  5  6  7 |
---------------+----------------------+-----
Unarmed Combat | 4 5 6 7 |  7.4
Shapeshifting  | 4 5 6 |  6.8
Fighting       | |  0.7
Dodging        | |  1.5

Action                     |  1- 3 |  4- 6 |  7- 9 || total
---------------------------+-------+-------+-------++-------
  Melee: Unarmed           |    84 |   128 |    53 ||   265
         Punch             |     1 |     1 |     4 ||     6
  Throw: Javelin           |       |     6 |       ||     6
    Use: Scroll            |       |     9 |       ||     9
   Stab: Sleeping          |     2 |       |       ||     2
 Armour: Animal skin       |    35 |    97 |    43 ||   175
  Dodge: Dodged            |    27 |    65 |    23 ||   115
  Block: Other             |       |    10 |     9 ||    19
         Reflection        |       |     1 |       ||     1

Table legend: (Time is in decaauts)
 A = Elapsed time spent in this place.
 B = Non-inter-level travel time spent in this place.
 C = Inter-level travel time spent in this place.
 D = Time resting spent in this place.
 E = Time spent auto-exploring this place.
 F = Levels seen in this place.
 G = Mean time per level.
                   A        B        C        D        E       F      G
               +--------+--------+--------+--------+--------+-----+--------+
         Total |   4037 |   3737 |    300 |    191 |   2873 |   7 |  576.7 |
       Dungeon |   3888 |   3588 |    300 |    191 |   2795 |   6 |  648.0 |
         Sewer |    149 |    149 |      0 |      0 |     78 |   1 |  149.0 |
               +--------+--------+--------+--------+--------+-----+--------+

Top non-repeatable levels by time:
     D:5: 922 daAuts
     D:2: 891 daAuts
     D:3: 770 daAuts
     D:4: 679 daAuts
     D:1: 609 daAuts
   Sewer: 149 daAuts
     D:6: 15 daAuts
